 Dungeon Crawl Stone Soup version 0.25-a0-346-g140ab784a8 (webtiles) character file.

Game seed: 11119002829663259895, levelgen mode: classic

2492 Borgoz the Carver (level 9, -2/57 HPs)
             Began as a Gargoyle Fighter on Jan 1, 2020.
             Was a Follower of Okawaru.
             Slain by a killer bee (6 damage)
             ... on level 7 of the Dungeon.
             The game lasted 00:08:31 (6533 turns).

Borgoz the Carver (Gargoyle Fighter)                Turns: 6533, Time: 00:08:31

Health: -2/57      AC: 11    Str: 27    XL:     9   Next: 52%
Magic:  9/9        EV:  9    Int:  8    God:    Okawaru [*.....]
Gold:   267        SH: 10    Dex: 11    Spells: 8/8 levels left

rFire    . . .     SeeInvis +   a - +1 long sword
rCold    . . .     Gourm    .   c - +0 shield
rNeg     + . .     Faith    .   x - +1 leather armour of the Tales {Str+5}
rPois    ∞         Spirit   .   (no helmet)
rElec    +         Reflect  .   (no cloak)
rCorr    .         Harm     .   (no gloves)
MR       .....                  (no boots)
Stlth    +.........             k - amulet of the acrobat
HPRegen  0.19/turn              h - ring of see invisible
MPRegen  0.11/turn              (no ring)

@: no status effects
A: negative energy resistance 1, electricity resistance, unbreathing,
petrification resistance, rot immunity, AC +6
a: Heroism, Renounce Religion


You were on level 7 of the Dungeon.
You worshipped Okawaru.
Okawaru was aware of your devotion.
You were not hungry.

You visited 2 branches of the dungeon, and saw 8 of its levels.

You collected 267 gold pieces.

Inventory:

Hand Weapons
 a - a +1 long sword (weapon)
 w - a +0 great sword
Armour
 c - a +0 shield (worn)
 e - a +1 chain mail of cold resistance
 x - the +1 leather armour of the Tales (worn) {Str+5}
   (You found it on level 6 of the Dungeon)

   It affects your strength (+5).
Jewellery
 h - a ring of see invisible (left hand)
 k - an amulet of the acrobat (around neck)
Wands
 v - a wand of digging (3)
Scrolls
 g - 7 scrolls of remove curse
 i - 3 scrolls of teleportation {unknown}
 j - a scroll of fear {unknown}
 l - a scroll of enchant armour {unknown}
 m - a scroll of fog {unknown}
 o - a scroll of random uselessness {unknown}
 q - a scroll of magic mapping {unknown}
 u - a scroll of blinking {unknown}
 y - a scroll of identify
Potions
 d - 2 potions of curing
 n - 2 potions of mutation {unknown}
 p - a potion of heal wounds
 r - a potion of flight
 s - a potion of invisibility
 t - 3 potions of brilliance
Comestibles
 b - 12 chunks of flesh
 f - 5 rations


   Skills:
 + Level 7.4 Fighting
 * Level 8.2 Long Blades
 + Level 7.5 Armour
 + Level 1.2 Dodging
 + Level 3.9 Shields


You had 8 spell levels left.
You didn't know any spells.
Your spell library contained the following spells:

 Spells                   Type           Power        Failure   Level  Hunger
 Foxfire                  Conj/Fire      #...         90%         1    ##.....
 Conjure Flame            Conj/Fire      #.......     99%         3    ####...
 Inner Flame              Hex/Fire       #.......     99%         3    ####...
 Sticky Flame             Conj/Fire      #.......     100%        4    #####..
 Fireball                 Conj/Fire      #.........   100%        5    ######.


Dungeon Overview and Level Annotations

Branches:
Dungeon (7/15)             Temple (1/1) D:5

Altars:
Ashenzari
Cheibriados
Dithmenos
Elyvilon
Fedhas
Gozag
Hepliaklqana
Kikubaaqudgha
Makhleb
Nemelex Xobeh
Okawaru
Qazlal
Ru
Sif Muna
Trog
Uskayaw
Vehumet
Wu Jian
Xom
Yredelemnul
Zin
The Shining One

Annotations:
D:6 2 transporters


Innate Abilities, Weirdness & Mutations

You are resistant to torment.
Your stone body is resilient. (AC +6)
You are immune to poison.
You resist negative energy. (rN+)
You are resistant to electric shocks. (rElec)
You can survive without breathing.
You are immune to petrification.
You are immune to rotting.


Message History

* * * LOW HITPOINT WARNING * * *
The killer bee stings you but does no damage. x3
You feel much better. You block the killer bee's attack.
The killer bee stings you.
* * * LOW HITPOINT WARNING * * *
The killer bee stings you.
* * * LOW HITPOINT WARNING * * *
The killer bee barely misses you.
You riposte.
You closely miss the killer bee.
The killer bee is heavily wounded.
You block the killer bee's attack. The killer bee misses you.
You riposte.
You closely miss the killer bee. You closely miss the killer bee.
The killer bee is heavily wounded.
The killer bee stings you.
* * * LOW HITPOINT WARNING * * *
The killer bee stings you but does no damage.
The killer bee stings you.
* * * LOW HITPOINT WARNING * * *
You block the killer bee's attack. The killer bee stings you.
You die...

.......................#
.......................#
.......................#
.......................#
..........†...#
#..#........##
#..#......####
##..y#y.......
###y@#.......
##.........# ###.......#
........# .......
....... ....... ####


You could see 3 killer bees.

Vanquished Creatures
  Pikel (D:4)
  Eustachio (D:4)
  2 orc warriors (D:6)
  An ice beast (D:7)
  A sky beast (D:2)
  4 slaves (D:4)
  4 ogres
  A centaur (D:5)
  4 bullfrogs
  A killer bee (D:7)
  3 wights (D:6)
  2 crimson imps
  A centaur zombie (D:6)
  A hound (D:6)
  Crazy Yiuf (D:2)
  A bullfrog skeleton (D:6)
  2 orc wizards (D:5)
  An iguana (D:4)
  Natasha (twice) (D:2)
  5 worker ants
  A hound skeleton (D:5)
  A worker ant zombie (D:6)
  11 adders
  2 shadow imps (D:5)
  2 oozes
  An adder zombie (D:7)
  An adder skeleton (D:5)
  3 worms
  A dart slug (D:2)
  2 leopard geckos
  18 orcs
  5 giant cockroaches
  4 goblins
  7 hobgoblins
  6 jackals
  3 quokkas
  A ball python (D:5)
  3 bats
  2 frilled lizards
  3 jackal skeletons
  6 kobolds
  A leopard gecko zombie (D:6)
  6 rats
  A bush (D:3)
  A plant (D:3)
131 creatures vanquished.

Vanquished Creatures (others)
  A bullfrog skeleton (D:5)
1 creature vanquished.

Grand Total: 132 creatures vanquished

Notes
Turn   | Place    | Note
-------+----------+-------------------------------------------
     0 | D:1      | Borgoz the Gargoyle Fighter began the quest for the Orb.
     0 | D:1      | Reached XP level 1. HP: 14/14 MP: 1/1
    90 | D:1      | Reached skill level 2 in Long Blades
   158 | D:1      | You fall into a shaft and drop 1 floor!
   192 | D:2      | Reached XP level 2. HP: 16/19 MP: 2/2
   932 | D:2      | Noticed a sky beast
   948 | D:2      | Killed a sky beast
   948 | D:2      | Reached skill level 3 in Long Blades
   948 | D:2      | Reached XP level 3. HP: 12/24 MP: 3/3
   948 | D:2      | Reached XP level 4. HP: 14/29 MP: 4/4
  1118 | D:2      | Noticed Natasha
  1122 | D:2      | Killed Natasha
  1122 | D:2      | Reached XP level 5. HP: 27/33 MP: 5/5
  1465 | D:2      | Found a runed translucent door.
  1466 | D:2      | Noticed Crazy Yiuf
  1557 | D:2      | Noticed Natasha
  1572 | D:2      | Killed Natasha
  1572 | D:2      | Reached skill level 4 in Long Blades
  1932 | D:2      | Killed Crazy Yiuf
  1932 | D:2      | Reached XP level 6. HP: 7/39 MP: 6/6
  2893 | D:3      | Found a sacrificial altar of Ru.
  3277 | D:4      | Noticed Eustachio
  3327 | D:4      | Killed Eustachio
  3327 | D:4      | Reached skill level 5 in Fighting
  3327 | D:4      | Reached skill level 5 in Armour
  3327 | D:4      | Reached XP level 7. HP: 39/44 MP: 7/7
  3375 | D:4      | Noticed Pikel
  3378 | D:4      | Reached skill level 5 in Long Blades
  3424 | D:5      | Entered Level 5 of the Dungeon
  4033 | D:5      | Reached skill level 6 in Long Blades
  4033 | D:5      | Reached XP level 8. HP: 24/51 MP: 8/8
  4332 | D:4      | Killed Pikel
  4468 | D:4      | Reached skill level 7 in Long Blades
  4637 | D:5      | Found a staircase to the Ecumenical Temple.
  4649 | Temple   | Entered the Ecumenical Temple
  4958 | Temple   | Became a worshipper of Warmaster Okawaru
  5112 | D:5      | Found a blossoming altar of Fedhas.
  5522 | D:6      | Found a transporter.
  5692 | D:6      | Found a transporter.
  5720 | D:6      | Reached XP level 9. HP: 52/56 MP: 9/9
  5878 | D:6      | Got a warped leather armour
  5890 | D:6      | Identified the +1 leather armour of the Tales {Str+5} (You
                  | found it on level 6 of the Dungeon)
  6197 | D:6      | Reached skill level 8 in Long Blades
  6390 | D:7      | Reached * piety under Okawaru
  6390 | D:7      | Reached skill level 1 in Dodging
  6533 | D:7      | Slain by a killer bee

Levels and vault maps discovered:
D:1:      giann_horns, layout_basic, chequers_serial_rivers_large_a,
          minmay_crystal_water, minmay_cut_off
D:2:      minmay_chambers_of_twos, layout_loops_cross, uniq_crazy_yiuf_cottage,
          uniq_natasha
D:3:      layout_loops_ring, serial_forest, infiniplex_forest_straight_1,
          infiniplex_forest_clump_cross, infiniplex_forest_end_1,
          infiniplex_forest_lined_2, infiniplex_forest_clump_medium,
          infiniplex_forest_clump_tiny, infiniplex_forest_clump_double,
          infiniplex_forest_clump_large, grunt_ministairs_6,
          nicolae_ru_the_path_less_chosen
D:4:      layout_basic, uniq_eustachio, uniq_pikel
D:5:      layout_basic, overflow_temple_1_default, minmay_temple_entry_trees,
          first_ration, kennysheep_doodads, lemuel_flamethrower_1
D:6:      gammafunk_cloud_chamber, layout_basic, mrwooster_statue_mirror
D:7:      layout_rooms
Temple:   nicolae_temple_the_god_donut

Skill      XL: |  1  2  3  4  5  6  7  8  9 |
---------------+----------------------------+-----
Long Blades    | 2 3 4 6 7 8 |  8.2
Fighting       | 4 5 6 7 |  7.4
Armour         | 4 5 6 7 |  7.5
Dodging        | 1 |  1.2
Shields        | |  3.9

Action                   |  1- 3 |  4- 6 |  7- 9 || total
-------------------------+-------+-------+-------++-------
Melee: Long sword        |    81 |   301 |   347 ||   729
  Use: Scroll            |     1 |       |     5 ||     6
       Potion            |       |     1 |     6 ||     7
  Eat: Chunk             |       |     8 |    12 ||    20
Armor: Scale mail        |    38 |   107 |   111 ||   256
       Leather armour    |       |       |    51 ||    51
Dodge: Dodged            |    19 |    64 |   141 ||   224
Block: Shield            |    36 |   109 |   190 ||   335
       Rpst.: Long sword |     2 |    18 |    44 ||    64

Table legend:
 A = Non-vault XP
 B = Vault XP
 C = Vault XP percentage of total XP
 D = Non-vault monster count
 E = Vault monster count
 F = Vault count percentage of total count
                 A         B        C        D         E       F
            +---------+---------+-------+---------+---------+-------
      Total |    2561 |    1000 |  28.1 |     106 |      19 |  15.2
            +---------+---------+-------+---------+---------+-------
        D:1 |      21 |       5 |  19.2 |      13 |       3 |  18.8
        D:2 |     213 |     127 |  37.4 |       9 |      10 |  52.6
        D:3 |      73 |       9 |  11.0 |      21 |       4 |  16.0
        D:4 |     119 |     859 |  87.8 |       4 |       2 |  33.3
        D:5 |     715 |       0 |   0.0 |      21 |       0 |   0.0
        D:6 |     962 |       0 |   0.0 |      24 |       0 |   0.0
        D:7 |     458 |       0 |   0.0 |      14 |       0 |   0.0
            +---------+---------+-------+---------+---------+-------
